 Dungeon Crawl Stone Soup version 0.28-a0-998-gb9e9c7b67e (webtiles) character file.

Game seed: 11497321306399279475

3402 Theruse2 the Covered (level 9, -2/69 HPs)
             Began as a Demonspawn Abyssal Knight on Dec 6, 2021.
             Was a Priest of Lugonu.
             Slain by an orc warrior (6 damage)
             ... while petrified by a basilisk
             ... on level 9 of the Dungeon.
             The game lasted 00:41:32 (5511 turns).

Theruse2 the Covered (Demonspawn Abyssal Knight)    Turns: 5511, Time: 00:41:33

Health: -2/69      AC: 12    Str: 18    XL:     9   Next: 75%
Magic:  22/22      EV:  2    Int: 13    God:    Lugonu [***...]
Gold:   436        SH:  0    Dex: 14    Spells: 8/11 levels left

rFire   . . .      SeeInvis .   r - +7 flail
rCold   . . .      Faith    .   s - +2 kite shield
rNeg    + + +      Spirit   .   h - +0 swamp dragon scales
rPois   ∞          Reflect  .   c - +0 helmet
rElec   .          Harm     .   (no cloak)
rCorr   .          Rampage  .   (no gloves)
Will    +....                   (no boots)
Stlth   ++........              (no amulet)
HPRegen 1.01/turn               e - ring of magical power
MPRegen 0.18/turn               k - ring of willpower

@: lethally poisoned (-2 -> -2), petrified
A: icy blue scales 1, demonic guardian 1, spiny 1, weakness stinger 1, clever 1,
poison resistance, regeneration 1, wild magic 1
a: Renounce Religion, Depart the Abyss, Bend Space, Banish


You were on level 9 of the Dungeon.
You worshipped Lugonu.
Lugonu was most pleased with you.
You visited 2 branches of the dungeon, and saw 10 of its levels.
You visited the Abyss 1 time.

You collected 436 gold pieces.

Inventory:

Hand Weapons
 a - a +2 hand axe of flaming
 r - a +7 flail (weapon)
Missiles
 f - a throwing net
Armour
 c - a +0 helmet (worn)
 h - +0 swamp dragon scales (worn)
 m - a +0 scale mail of cold resistance
 s - a +2 kite shield (worn)
Jewellery
 e - a ring of magical power (left hand)
 j - a ring of see invisible
 k - a ring of willpower (right hand)
 l - the ring "Ufease" {Ice Will+ rCorr Dex+5}
   (You found it on level 7 of the Dungeon)

   [ring of ice]

   It enhances your ice magic.
   Dex:       It affects your dexterity (+5).
   rF:        It makes you vulnerable to fire.
   rC:        It protects you from cold.
   rCorr:     It protects you from acid and corrosion.
   Will:      It increases your willpower.
Wands
 b - a wand of paralysis (9)
 d - a wand of acid (5)
Scrolls
 g - 3 scrolls of fog
 n - a scroll of blinking
 o - a scroll of identify
 p - 2 scrolls of teleportation
 t - a scroll of amnesia
Potions
 q - 4 potions of magic


   Skills:
 + Level 5.9 Fighting
 - Level 6.0(6.5) Axes
 + Level 3.4(5.2) Maces & Flails
 + Level 6.4 Armour
 + Level 3.6 Dodging
 + Level 3.6 Stealth
 + Level 2.1 Shields
 + Level 1.9 Spellcasting
 + Level 1.5 Conjurations
 - Level 0.1 Fire Magic
 + Level 5.8 Invocations


You had 8 spell levels left.
You knew the following spells:

 Your Spells              Type           Power      Damage    Failure   Level
a - Sublimation of Blood  Necr           1%         N/A       99%         2
b - Foxfire               Conj/Fire      16%        2x1d4     89%         1

Your spell library contained the following spells:

 Spells                   Type           Power      Damage    Failure   Level
 Apportation              Tloc           2%         N/A       96%         1
 Wereblood                Tmut           1%         N/A       99%         2
 Conjure Flame            Conj/Fire      4%         6-21      99%         3
 Inner Flame              Hex/Fire       1%         N/A       100%        3
 Animate Dead             Necr           0%         N/A       100%        4
 Flame Wave               Conj/Fire      4%         2d4       100%        4
 Petrify                  Tmut/Erth      1%         N/A       100%        4
 Alistair's Intoxication  Tmut/Pois      0%         N/A       100%        5
 Irradiate                Conj/Tmut      2%         3d14      100%        5
 Haunt                    Necr/Summ      0%         N/A       100%        7
 Summon Hydra             Summ           0%         N/A       100%        7
 Infestation              Necr           0%         N/A       100%        8


Dungeon Overview and Level Annotations

Branches:
Dungeon (9/15)             Temple (1/1) D:5
   Lair: D:8-11         Orc: D:9-12

Altars:
Ashenzari
Cheibriados
Dithmenos
Elyvilon
Fedhas
Gozag
Hepliaklqana
Kikubaaqudgha
Makhleb
Nemelex Xobeh
Okawaru
Qazlal
Sif Muna
Trog
Uskayaw
Vehumet
Wu Jian
Xom
Yredelemnul
Zin
The Shining One


Innate Abilities, Weirdness & Mutations

You are partially covered in icy blue scales. (AC +2)
A weak demonic guardian rushes to your aid.
You are partially covered in sharp spines.
You have a small tail.
Your mind is acute. (Int +2)
Your system is resistant to poisons. (rPois)
Your natural rate of healing is unusually fast.
Your spells are a little harder to cast, but a little more powerful.


Message History

* * * LOW HITPOINT WARNING * * *
The basilisk is struck by your spines. The basilisk bites you.
* * * LOW HITPOINT WARNING * * *
The scorpion stings you but does no damage.
The wolf is struck by your spines.
You kill the wolf!
Lugonu accepts your kill. The scorpion stings you.
* * * LOW HITPOINT WARNING * * *
Your white imp hits the black bear.
Your white imp freezes the black bear.
The basilisk gazes at you. You resist with almost no effort.
Your Shields skill increases to level 2!
The orc warrior hits you but does no damage.
The black bear bites you but does no damage.
The black bear claws you but does no damage.
The black bear barely misses you. The scorpion is struck by your spines.
You kill the scorpion!
Lugonu accepts your kill. The basilisk is struck by your spines.
The basilisk bites you.
* * * LOW HITPOINT WARNING * * *
Your white imp hits the black bear.
Your white imp freezes the black bear.
The orc warrior hits you with a +1 vorpal long sword!
* * * LOW HITPOINT WARNING * * *
x2 The black bear bites you but does no damage.
The black bear claws you but does no damage. x2
The basilisk bites you!
* * * LOW HITPOINT WARNING * * *
Your white imp hits the black bear but does no damage.
The orc warrior hits you with a +1 vorpal long sword.
* * * LOW HITPOINT WARNING * * *
The black bear goes berserk!
The basilisk completely misses you.
Your white imp hits the black bear but does no damage.
The black bear is struck by your spines.
The black bear bites you.
* * * LOW HITPOINT WARNING * * *
The black bear claws you but does no damage. x2
The orc warrior is struck by your spines.
The orc warrior hits you with a +1 vorpal long sword!
You die...

###+#####
........#
........#
........#
.....5h(#
.......@#
......lo#
........#
...P....#
...P....#
....P...#
P.P....♣#
.♣....P


You could see a basilisk, an orc warrior, a black bear (berserk, ally target)
and a friendly white imp (summoned).

Vanquished Creatures
  Maggie (D:8)
  A wyvern (D:8)
  A basilisk (D:8)
  2 black bears
  A hornet zombie (D:8)
  3 orc warriors
  A sky beast (D:6)
  A wolf (D:9)
  2 ogres
  2 centaurs
  A necrophage (D:4)
  A wyvern zombie (D:8)
  2 scorpions (D:9)
  2 wights (D:8)
  A bullfrog zombie (D:6)
  3 hounds
  A centaur skeleton (D:5)
  2 jellies
  A centaur zombie (D:6)
  An orc priest (D:8)
  A gnoll shaman (D:4)
  3 iguanas
  5 orc wizards
  A hound skeleton (D:4)
  A howler monkey zombie (D:8)
  Robin (D:3)
  11 gnolls
  6 adders
  2 ufetubi
  A worm (D:3)
  3 dart slugs
  13 orcs
  4 bats
  5 endoplasms
  5 giant cockroaches
  15 goblins
  7 hobgoblins
  3 quokkas
  9 ball pythons
  A frilled lizard (D:3)
  2 kobolds
  2 rats (D:2)
131 creatures vanquished.

Vanquished Creatures (collateral kills)
  A centaur (D:9)
  An orc (D:8)
  A hobgoblin (D:1)
3 creatures vanquished.

Vanquished Creatures (others)
  An orc wizard (D:2)
  A howler monkey skeleton (D:7)
  2 foxfires (D:6)
  5 plants
9 creatures vanquished.

Grand Total: 143 creatures vanquished

Notes
Turn   | Place    | Note
-------+----------+-------------------------------------------
     0 | Abyss:1  | Theruse2 the Demonspawn Abyssal Knight began the quest for
                  | the Orb.
     0 | Abyss:1  | Reached XP level 1. HP: 18/18 MP: 2/2
    49 | Abyss:1  | Found a corrupted altar of Lugonu.
   188 | Abyss:1  | Noticed an iron imp
   204 | D:1      | Escaped the Abyss
   298 | D:1      | Gained mutation: You are partially covered in icy blue
                  | scales. (AC +2) [demonic ancestry]
   298 | D:1      | Reached XP level 2. HP: 18/24 MP: 3/3
   363 | D:1      | Gained mutation: You have a somewhat thin skeletal
                  | structure. (Dex +2, Stealth+) [potion of mutation]
   363 | D:1      | Gained mutation: You have sharp toenails. [potion of
                  | mutation]
   363 | D:1      | Gained mutation: You expend magic power (3 MP) to
                  | strengthen your wands. [potion of mutation]
   363 | D:1      | Gained mutation: Your natural rate of healing is unusually
                  | fast. [potion of mutation]
   366 | D:1      | Found a faded altar of an unknown god.
   374 | D:1      | Reached skill level 1 in Dodging
   902 | D:1      | Found an opulent altar of Gozag.
  1009 | D:2      | Gained mutation: You are partially covered in sharp spines.
                  | [demonic ancestry]
  1009 | D:2      | Reached XP level 3. HP: 30/30 MP: 4/4
  1093 | D:2      | Reached XP level 4. HP: 28/37 MP: 5/5
  1098 | D:2      | Reached ** piety under Lugonu
  1104 | D:2      | Reached skill level 1 in Stealth
  1223 | D:2      | Learned a level 2 spell: Sublimation of Blood
  1742 | D:3      | Found an opulent altar of Gozag.
  1808 | D:3      | Reached XP level 5. HP: 41/42 MP: 6/6
  1838 | D:3      | Found a burning altar of Makhleb.
  1937 | D:3      | Noticed Robin
  1955 | D:3      | Killed Robin
  1998 | D:3      | Found a basalt altar of Yredelemnul.
  2049 | D:3      | Found a blossoming altar of Fedhas.
  2197 | D:4      | Found a broken altar of Ashenzari.
  2279 | D:4      | Reached XP level 6. HP: 38/48 MP: 7/7
  2376 | D:4      | Reached *** piety under Lugonu
  2745 | D:5      | Entered Level 5 of the Dungeon
  2755 | D:5      | Reached XP level 7. HP: 51/55 MP: 8/8
  2850 | D:5      | Lost mutation: You expend magic power (3 MP) to strengthen
                  | your wands. [potion of mutation]
  2850 | D:5      | Lost mutation: You have sharp toenails. [potion of
                  | mutation]
  2850 | D:5      | Lost mutation: You have a somewhat thin skeletal structure.
                  | (Dex +2, Stealth+) [potion of mutation]
  2850 | D:5      | Gained mutation: Your spells are a little harder to cast,
                  | but a little more powerful. [potion of mutation]
  2850 | D:5      | Gained mutation: Your system is resistant to poisons.
                  | (rPois) [potion of mutation]
  2850 | D:5      | Gained mutation: Your mind is acute. (Int +2) [potion of
                  | mutation]
  2853 | D:5      | Learned a level 1 spell: Foxfire
  3028 | D:5      | Found a bloodstained altar of Trog.
  3070 | D:5      | Found a staircase to the Ecumenical Temple.
  3077 | Temple   | Entered the Ecumenical Temple
  3775 | D:6      | Reached skill level 5 in Axes
  3794 | D:6      | Gained mutation: You have a small tail. [demonic ancestry]
  3794 | D:6      | Reached XP level 8. HP: 52/61 MP: 10/10
  4524 | D:7      | Identified the ring "Ufease" {Ice Will+ rCorr Dex+5}
  4561 | D:7      | Reached skill level 1 in Spellcasting
  4601 | D:7      | Reached skill level 1 in Conjurations
  4792 | D:7      | Noticed a komodo dragon
  4796 | D:7      | Banished a komodo dragon
  4797 | D:7      | Reached skill level 5 in Fighting
  4797 | D:7      | Reached skill level 5 in Armour
  4862 | D:7      | Found a hazy altar of Hepliaklqana.
  4877 | D:7      | Reached skill level 5 in Invocations
  4878 | D:7      | Found a faded altar of an unknown god.
  4953 | D:8      | Gained mutation: A weak demonic guardian rushes to your
                  | aid. [demonic ancestry]
  4953 | D:8      | Reached XP level 9. HP: 51/68 MP: 12/12
  4995 | D:8      | Found a stormy altar of Qazlal.
  5193 | D:8      | Noticed Maggie
  5241 | D:8      | Reached skill level 1 in Maces & Flails
  5251 | D:8      | Killed Maggie
  5340 | D:8      | Reached skill level 1 in Shields
  5511 | D:9      | Slain by an orc warrior

Illustrated notes

Levels and vault maps discovered:
D:1:      sevenhm_arrival_forest_fort_small_6, layout_basic,
          basic_ecumenical_altar, minmay_liquid_box
D:2:      layout_loops_cross
D:3:      layout_rooms, grunt_gozag_breadcrumbs, mainiacjoe_overflow_paths,
          fedhas_altar_2, lemuel_doored_altar, minivault_23,
          serial_bayou_pond_c, uniq_robin
D:4:      minmay_opposing_rooms, layout_loops_ring,
          nicolae_overflow_crystal_walls
D:5:      layout_loops_ring, good_gods_temple_1, trog_three_pillars_becter,
          minmay_temple_entry_hall
D:6:      layout_loops_corners, kennysheep_generic_room_13
D:7:      layout_loops_cross, beargit_hepliaklqana_dungeon_heroes
D:8:      layout_basic, grunt_qazlal_sundering, serial_corexii_hall,
          corexii_hall_statues_t, corexii_hall_statues_l,
          corexii_hall_statues_l, chequers_hall_statues_wall_a, st_stairs_13,
          uniq_maggie
D:9:      layout_stronghold, minmay_lair_entry_grove, minmay_misc_feat_roman
Temple:   jpeg_temple_alley_garden

Skill      XL: |  1  2  3  4  5  6  7  8  9 |
---------------+----------------------------+-----
Armour         | 2 3 4 5 6 |  6.4
Dodging        | 1 2 3 |  3.6
Axes           | 2 3 5 6 |  6.0
Stealth        | 1 2 3 |  3.6
Fighting       | 4 5 |  5.9
Invocations    | 3 5 |  5.8
Spellcasting   | 1 |  1.9
Conjurations   | 1 |  1.5
Maces & Flails | 3 |  3.4
Shields        | 2 |  2.1
Fire Magic     | |  0.1

Action                   |  1- 3 |  4- 6 |  7- 9 || total
-------------------------+-------+-------+-------++-------
Melee: Hand axe          |    79 |   102 |   127 ||   308
       Kick              |    18 |    24 |     1 ||    43
       Tailslap          |       |       |    16 ||    16
       Flail             |       |       |    70 ||    70
 Cast: Foxfire           |       |       |     1 ||     1
Invok: Banish            |       |       |     7 ||     7
  Use: Scroll            |     5 |     4 |     5 ||    14
       Potion            |     2 |     5 |    13 ||    20
 Stab: Sleeping          |     3 |     8 |       ||    11
       Distracted        |     1 |       |       ||     1
       Invisible         |       |       |     2 ||     2
Armor: Leather armour    |    40 |     1 |       ||    41
       Ring mail         |       |    23 |       ||    23
       Scale mail        |       |    26 |    65 ||    91
       Swamp dragon scal |       |       |    71 ||    71
Dodge: Dodged            |    53 |    49 |   110 ||   212
Block: Kite shield       |       |       |    68 ||    68

Table legend: (Time is in decaauts)
 A = Elapsed time spent in this place.
 B = Non-inter-level travel time spent in this place.
 C = Inter-level travel time spent in this place.
 D = Time resting spent in this place.
 E = Time spent auto-exploring this place.
 F = Levels seen in this place.
 G = Mean time per level.
                   A        B        C        D        E       F      G
               +--------+--------+--------+--------+--------+-----+--------+
         Total |   5584 |   5584 |      0 |    300 |      0 |  11 |  507.6 |
       Dungeon |   5182 |   5182 |      0 |    139 |      0 |   9 |  575.8 |
        Temple |    198 |    198 |      0 |      0 |      0 |   1 |  198.0 |
         Abyss |    204 |    204 |      0 |    161 |      0 |   1 |  204.0 |
               +--------+--------+--------+--------+--------+-----+--------+

Top non-repeatable levels by time:
     D:1: 752 daAuts
     D:6: 707 daAuts
     D:7: 669 daAuts
     D:4: 646 daAuts
     D:2: 640 daAuts
     D:5: 628 daAuts
     D:8: 574 daAuts
     D:3: 532 daAuts
 Abyss:1: 204 daAuts
  Temple: 198 daAuts
     D:9: 30 daAuts
